 Dungeon Crawl Stone Soup version 0.31-a0-618-g7ca08c1ff9 (webtiles) character file.

Game seed: 8477256095763436923

91273 Iich the Cleaver (level 15, -23/136 HPs)
             Began as a Demonspawn Fighter on Aug 23, 2023.
             Was an Initiate of Gozag.
             Killed from afar by Jorgrun (57 damage)
             ... with an entropic shot
             ... on level 12 of the Dungeon.
             The game lasted 00:49:53 (19021 turns).

Iich the Cleaver (Demonspawn Fighter)              Turns: 19021, Time: 00:49:54

Health: -23/136    AC: 12    Str: 19    XL:     15   Next: 54%
Magic:  15/15      EV: 36    Int: 10    God:    Gozag
Gold:   2298       SH:  0    Dex: 21    Spells: 14/14 levels left

rFire   . . .        a - melded +2 war axe (flame)
rCold   . . .        Y - melded +1 buckler {reflect}
rNeg    + + +        G - melded +0 chain mail
rPois   +            c - melded +2 helmet
rElec   .            X - melded scarf {rC+ rF+}
rCorr   .            v - melded +3 pair of gauntlets of War {Slay+5}
SInv    .            (boots unavailable)
Will    +....        w - amulet "Wuekilaph" {Harm Rampage rN+ Regen+ Dex+4}
Stlth   ++           P - ring of poison resistance
HPRegen 1.22/turn    A - +5 ring of evasion
MPRegen 0.28/turn

%: harm (+30% outgoing, +20% incoming), clarity, rampage
@: about to teleport, fungus-form (expiring), gold aura
A: melee confuse, terrified, no casting, tiny, (hooves 3), (large bone plates
1), robust 1, (spiny 3), magic regeneration, clarity, (cold resistance 1)
a: Renounce Religion, Potion Petition, Call Merchant, Bribe Branch


You were on level 12 of the Dungeon.
You worshipped Gozag.
Gozag was most pleased with you.
You were a sentient fungus.
You visited 4 branches of the dungeon, and saw 20 of its levels.
You also visited: Ossuary and Bailey.

You collected 7456 gold pieces.
You spent 1280 gold pieces at shops.
You paid 3878 gold pieces to Gozag.

Inventory:

Hand Weapons
 a - a +2 war axe of flaming (melded)
Missiles
 x - 3 throwing nets
Armour
 c - a +2 helmet (melded)
 o - a +0 plate armour
 v - the +3 pair of gauntlets of War (melded) {Slay+5}
   (You bought it in a shop on level 2 of the Orcish Mines)

   Slay+5:    It affects your accuracy & damage with ranged weapons and melee
   (+5).
 G - a +0 chain mail (melded)
 S - a +0 kite shield of cold resistance
 W - a +0 cloak of willpower
 X - a scarf of resistance (melded)
 Y - a +1 buckler of reflection (melded)
Jewellery
 w - the amulet "Wuekilaph" (around neck) {Harm Rampage rN+ Regen+ Dex+4}
   (You found it on level 3 of the Dungeon)

   [amulet of regeneration]

   Dex+4:     It affects your dexterity (+4).
   rN+:       It protects you from negative energy.
   Regen+:    It increases your rate of health regeneration.
   Harm:      It increases damage dealt and taken.
   Rampage:   It bestows one free step when moving towards enemies.
 A - a +5 ring of evasion (right hypha)
 F - a ring of protection from fire
 N - a ring of positive energy
 P - a ring of poison resistance (left hypha)
 V - an amulet of regeneration
Talismans
 m - a flux talisman
 y - a serpent talisman
 B - a storm talisman
 U - a blade talisman
Wands
 r - a wand of quicksilver (7)
 M - a wand of polymorph (5)
 T - a wand of flame (26)
 Z - a wand of iceblast (10)
Scrolls
 b - a scroll of brand weapon
 g - 3 scrolls of fear
 i - 2 scrolls of identify
 j - a scroll of immolation
 u - 2 scrolls of butterflies
 C - a scroll of amnesia
 H - 10 scrolls of fog
 J - 5 scrolls of enchant weapon
 K - a scroll of silence
 Q - 6 scrolls of revelation
 R - 2 scrolls of poison
Potions
 d - 4 potions of might
 e - a potion of magic
 f - a potion of attraction
 h - a potion of haste
 k - a potion of cancellation
 l - a potion of heal wounds
 n - a potion of resistance
 p - 2 potions of berserk rage
 q - 6 potions of curing
 s - 2 potions of lignification
 z - 2 potions of ambrosia
 D - 2 potions of mutation
 L - a potion of experience {unknown}
 O - a potion of enlightenment
Miscellaneous
 E - a lightning rod (inert)
 I - a tin of tremorstones (1/2)


   Skills:
 + Level 13.5 Fighting
 * Level 14.4 Axes
 + Level 8.4 Armour
 - Level 12.0 Dodging
 + Level 2.8 Shields
 + Level 10.7 Shapeshifting


You had 14 spell levels left.
You didn't know any spells.
Your spell library contained the following spells:

 Spells                   Type           Power      Damage    Failure   Level
 Ensorcelled Hibernation  Hex/Ice        0%         N/A       50%         2
 Passwall                 Tmut/Erth      0%         N/A       50%         2
 Sublimation of Blood     Necr           0%         N/A       50%         2
 Call Canine Familiar     Summ           0%         N/A       75%         3
 Dazzling Flash           Conj/Hex       0%         N/A       75%         3
 Ignite Poison            Fire/Tmut/Pois 0%         N/A       75%         3
 Portal Projectile        Hex/Tloc       0%         N/A       75%         3
 Swiftness                Air            0%         N/A       75%         3
 Tukima's Dance           Hex            0%         N/A       75%         3
 Volatile Blastmotes      Fire/Tloc      0%         2d10      75%         3
 Leda's Liquefaction      Hex/Erth       0%         N/A       98%         4
 Passage of Golubria      Tloc           0%         N/A       98%         4
 Petrify                  Tmut/Erth      0%         N/A       98%         4
 Sticky Flame             Conj/Fire      0%         2d3       98%         4
 Summon Ice Beast         Ice/Summ       0%         N/A       98%         4
 Agony                    Necr           0%         N/A       100%        5
 Irradiate                Conj/Tmut      0%         3d11      100%        5
 Silence                  Hex/Air        0%         N/A       100%        5
 Summon Mana Viper        Hex/Summ       0%         N/A       100%        5
 Yara's Violent Unravell  Hex/Tmut       0%         3d3       100%        5
 Starburst                Conj/Fire      0%         6d3       100%        6
 Monstrous Menagerie      Summ           0%         N/A       100%        7
 Ignition                 Fire           0%         3d3       100%        8
 Maxwell's Capacitive Co  Air            0%         ∞         100%        8


Dungeon Overview and Level Annotations

Branches:
Dungeon (12/15)            Temple (1/1) D:7            Lair (5/5) D:10
  Swamp (0/4) Lair:3       Spider (0/4) Lair:3        Slime (0/5) Lair:4
    Orc (2/2) D:10            Elf (0/3) Orc:2       Ossuary (visited)
 Bailey (visited)

Altars:
Ashenzari
Cheibriados
Dithmenos
Fedhas
Gozag
Hepliaklqana
Kikubaaqudgha
Makhleb
Nemelex Xobeh
Okawaru
Qazlal
Ru
Sif Muna
Trog
Uskayaw
Vehumet
Wu Jian
Xom
Yredelemnul

Shops:
D:7 (   Orc:2 *([[

Annotations:
D:12 Jorgrun


Innate Abilities, Weirdness & Mutations

You are a sentient fungus.
You are tiny and evasive.
Your melee attack releases spores that confuse breathing creatures.
You become terrified and freeze when enemies are visible.
Your armour is entirely melded.
You are incapable of wielding weapons or throwing items.
You cannot cast spells.
((You have hooves in place of feet.))
((You are partially covered in large bone plates. (SH +4)))
You are robust. (+10% HP)
((You are completely covered in sharp spines.))
You regenerate magic rapidly.
You possess an exceptional clarity of mind.
((Your flesh is cold resistant. (rC+)))


Message History

The burst of rock shards engulfs the boulder beetle.
Jorgrun misses you. The grasping roots constrict you.
The boulder beetle closely misses you.
Aiming: Polymorph
Press: ? - help, Q - select action, (/) - cycle Shift-Dir - straight line, f - boulder beetle, p - Jorgrun
Aim: a boulder beetle (moderately wounded, chance to confuse on hit: 40%, will become an alligator, a snapping turtle, or an ettin, chance to affect: 31%)
The boulder beetle evaporates and reforms as a snapping turtle!
The grasping roots constrict you!
You take 19 damage, and have 66/136 hp.
As you read the scroll of teleportation, it crumbles to dust.
You feel strangely unstable. The snapping turtle closely misses you.
The grasping roots constrict you!
* * * LOW HITPOINT WARNING * * *
The komodo dragon completely misses you.
You take 7 damage, and have 59/136 hp.
Unknown command.
You release spores at the snapping turtle but do no damage.
The snapping turtle appears confused.
The snapping turtle is moderately wounded.
The snapping turtle misses you.
You release spores at the komodo dragon!!
You kill the komodo dragon!
The grasping roots constrict you!
* * * LOW HITPOINT WARNING * * *
You take 9 damage, and have 51/136 hp.
You strike the helpless snapping turtle from behind!
You release spores at the snapping turtle!!
The snapping turtle appears confused.
The snapping turtle is severely wounded.
The grasping roots constrict you!
* * * LOW HITPOINT WARNING * * *
The snapping turtle completely misses you.
You take 18 damage, and have 33/136 hp.
You escape the roots grasp.
Your transformation is almost over.
Jorgrun seems less confused.
Jorgrun points at you and mumbles some strange words.
The entropic shot hits you!!!
You die...
Your body crumbles into a pile of gold.

....... ..
#....#.. ...
##........ ....
##......... ....#
#..........
.....##
.g........
.......
#.$.......
#.....##.t.......
#.........
#.#....$.......
##...........
#...........
##..........
...........
##..........
...........
##.##.......


You could see Jorgrun and a snapping turtle (confused).

Vanquished Creatures
  Gastronok (Orc:1)
  The ghost of Ogyasib the Eclecticist, an adept SpCj of Vehumet (Orc:1)
  The ghost of olddryhag the Stickfighter, a journeyman DrGl of Gozag (Orc:1)
  Fannar (Lair:2)
  The ghost of randomguy2701 the Cleaver, a journeyman HOFi of Beogh (D:10)
  A fire dragon (Lair:5)
  Erolcha (Orc:2)
  4 hydras
  Erica (Orc:1)
  12 two-headed ogres
  2 ogre magi (Orc:2)
  3 boulder beetles
  7 death yaks
  Nergalle (Orc:1)
  The ghost of LobsterGuardian the Frost Mage, a novice MfIE of Yredelemnul (D:8)
  A skyshark (Lair:2)
  A skeletal warrior (D:10)
  4 bog bodies
  A pharaoh ant (Lair:3)
  2 deep trolls (Orc:2)
  Pikel (D:4)
  2 lindwurms
  A deep elf pyromancer (Bailey)
  2 cyclopes (Orc:2)
  2 manticores (D:10)
  An orc sorcerer (Orc:1)
  An ugly thing (D:11)
  An oklob plant (D:10)
  Joseph (D:9)
  26 elephants
  An ice statue (Lair:1)
  7 black mambas
  13 cane toads
  10 torpor snails (Lair:5)
  11 komodo dragons
  A kobold demonologist (D:10)
  Psyche (D:12)
  10 rime drakes
  8 hornets
  13 polar bears
  10 trolls
  4 tyrant leeches (Lair:5)
  20 blink frogs
  2 raiju (Lair:5)
  A blink frog (shapeshifter) (D:10)
  2 jumping spiders (Lair:3)
  2 wraiths
  Sigmund (D:2)
  2 spriggans (Lair:2)
  2 wyverns
  2 shadows
  3 basilisks
  2 steam dragons
  38 yaks
  A redback (shapeshifter) (D:10)
  6 vampire mosquitoes
  7 wargs
  2 acid dragons
  15 water moccasins
  A harpy simulacrum (Lair:1)
  13 hell hounds (Lair:5)
  A swamp worm (Lair:3)
  11 orc warriors
  An ice beast (D:6)
  A sky beast (D:6)
  15 black bears
  21 ogres
  7 centaurs
  3 lemures (D:4)
  24 wolves
  A phantom (D:5)
  8 bullfrogs
  A kobold brigand (D:8)
  Blork the orc (D:5)
  4 scorpions
  2 gnoll sergeants (D:6)
  9 wights
  8 killer bees
  An electric eel (Lair:3)
  9 howler monkeys
  7 hounds
  4 jellies
  10 orc priests
  A sleepcap (D:6)
  Jessica (D:2)
  17 orc wizards
  Ijyb (D:3)
  5 iguanas
  A polar bear simulacrum (Lair:1)
  2 troll simulacra (Lair:1)
  8 mummies (Ossuary)
  Robin (D:2)
  16 gnolls
  7 adders
  A naga simulacrum (Lair:1)
  2 shadow imps
  A white imp (D:8)
  An ufetubus (D:6)
  A worm (D:2)
  3 dart slugs
  52 orcs
  9 endoplasms
  A giant cockroach (D:1)
  19 goblins
  20 hobgoblins
  5 jackals
  A quokka (D:1)
  7 ball pythons
  6 bats
  6 frilled lizards
  A gnoll zombie (Ossuary)
  2 hobgoblin zombies (Ossuary)
  9 kobolds
  2 kobold zombies (Ossuary)
  3 orc zombies (Ossuary)
  3 rats (D:1)
660 creatures vanquished.

Vanquished Creatures (others)
  A two-headed ogre (Orc:2)
  A hobgoblin (D:3)
2 creatures vanquished.

Grand Total: 662 creatures vanquished

Notes
Turn   | Place    | Note
-------+----------+-------------------------------------------
     0 | D:1      | Iich the Demonspawn Fighter began the quest for the Orb.
     0 | D:1      | Reached XP level 1. HP: 18/18 MP: 1/1
   132 | D:1      | Reached skill level 2 in Axes
   132 | D:1      | Gained mutation: You are partially covered in sharp spines.
                  | [demonic ancestry]
   132 | D:1      | Reached XP level 2. HP: 23/24 MP: 2/2
   246 | D:1      | Reached skill level 1 in Dodging
   293 | D:1      | Found a faded altar of an unknown god.
   462 | D:1      | Gained mutation: You are mostly covered in sharp spines.
                  | [demonic ancestry]
   462 | D:1      | Reached XP level 3. HP: 29/29 MP: 3/3
   561 | D:2      | Noticed Jessica
   565 | D:2      | Noticed Robin
   566 | D:2      | Killed Jessica
   575 | D:2      | Gained mutation: You are completely covered in sharp
                  | spines. [demonic ancestry]
   575 | D:2      | Reached XP level 4. HP: 34/37 MP: 4/4
   578 | D:2      | Killed Robin
   643 | D:2      | Noticed Sigmund
   654 | D:2      | Killed Sigmund
   655 | D:2      | Reached skill level 3 in Axes
   655 | D:2      | Gained mutation: You regenerate magic rapidly. [demonic
                  | ancestry]
   655 | D:2      | Reached XP level 5. HP: 21/43 MP: 5/5
  1300 | D:3      | Reached XP level 6. HP: 48/49 MP: 6/6
  1597 | D:3      | Noticed Ijyb
  1892 | D:3      | Killed Ijyb
  2147 | D:3      | Identified the amulet "Wuekilaph" {Harm Rampage rN+ Regen+
                  | Dex+4}
  2185 | D:3      | Noticed a water moccasin
  2191 | D:3      | Killed a water moccasin
  2192 | D:3      | Reached skill level 1 in Shapeshifting
  2359 | D:3      | Reached skill level 5 in Fighting
  2359 | D:3      | Reached skill level 4 in Axes
  2619 | D:4      | Reached XP level 7. HP: 56/56 MP: 7/7
  2825 | D:4      | Noticed Pikel
  2841 | D:4      | Killed Pikel
  2842 | D:4      | Reached skill level 5 in Axes
  2842 | D:4      | Reached XP level 8. HP: 54/64 MP: 8/8
  2889 | D:4      | Identified the +8 dagger "Bopoimo" {speed, *Corrode rC+
                  | Dex+5}
  3256 | D:5      | Entered Level 5 of the Dungeon
  3702 | D:5      | Noticed a hornet
  3705 | D:5      | Paralysed by a hornet for 2 turns
  3706 | D:5      | Killed a hornet
  3707 | D:5      | Reached skill level 5 in Dodging
  4017 | D:5      | Noticed Blork the orc
  4021 | D:5      | Killed Blork the orc
  4022 | D:5      | Reached XP level 9. HP: 71/71 MP: 9/9
  4254 | D:6      | Reached skill level 6 in Axes
  4768 | D:7      | Found Hiwnilaf's Weapon Boutique.
  4775 | D:7      | Reached skill level 5 in Shapeshifting
  4857 | D:7      | Gained mutation: Your spells are a little harder to cast,
                  | but a little more powerful. [potion of mutation]
  4857 | D:7      | Gained mutation: Armour fits poorly on your strangely
                  | shaped body. [potion of mutation]
  4857 | D:7      | Gained mutation: You possess an exceptional clarity of
                  | mind. [potion of mutation]
  4909 | D:7      | Lost mutation: Your spells are a little harder to cast, but
                  | a little more powerful. [potion of mutation]
  4909 | D:7      | Lost mutation: You possess an exceptional clarity of mind.
                  | [potion of mutation]
  4909 | D:7      | Lost mutation: Armour fits poorly on your strangely shaped
                  | body. [potion of mutation]
  4909 | D:7      | Gained mutation: You are covered in fur. (AC +1) [potion of
                  | mutation]
  4909 | D:7      | Lost mutation: You are covered in fur. (AC +1) [potion of
                  | mutation]
  4909 | D:7      | Gained mutation: Your flesh is cold resistant. (rC+)
                  | [potion of mutation]
  4909 | D:7      | Gained mutation: You possess an exceptional clarity of
                  | mind. [potion of mutation]
  5056 | D:7      | Found a staircase to the Ecumenical Temple.
  5071 | Temple   | Entered the Ecumenical Temple
  5094 | Temple   | Became a worshipper of Gozag Ym Sagoz the Greedy
  5175 | D:7      | Found a burning altar of Makhleb.
  5215 | D:7      | Reached skill level 7 in Axes
  5215 | D:7      | Gained mutation: You have large cloven feet. [demonic
                  | ancestry]
  5215 | D:7      | Reached XP level 10. HP: 80/80 MP: 10/10
  5454 | D:8      | Found a bloodstained altar of Trog.
  5526 | D:8      | Found a sand-covered staircase.
  5538 | Ossuary  | Entered an ossuary
  5791 | D:8      | Found a runed translucent door.
  5791 | D:8      | Noticed LobsterGuardian's ghost (novice MfIE)
  5975 | D:8      | Found an iron altar of Okawaru.
  6260 | D:8      | Killed LobsterGuardian's ghost
  6289 | D:9      | Noticed a two-headed ogre
  6295 | D:9      | Killed a two-headed ogre
  6315 | D:9      | Found a flagged portal.
  6340 | Bailey   | Entered a bailey
  6400 | Bailey   | Reached skill level 8 in Axes
  6477 | Bailey   | Noticed an orc knight
  6481 | Bailey   | an orc knight changed into a lindwurm
  6481 | Bailey   | Noticed a lindwurm
  6489 | Bailey   | Killed a lindwurm
  6629 | Bailey   | Found a large runed translucent door.
  6629 | Bailey   | Found a large runed translucent door.
  6656 | Bailey   | Noticed a deep elf pyromancer
  6760 | Bailey   | Killed a deep elf pyromancer
  6761 | Bailey   | Gained mutation: You have hoof-like feet. [demonic
                  | ancestry]
  6761 | Bailey   | Reached XP level 11. HP: 79/89 MP: 11/11
  6771 | Bailey   | Identified the staff "Maam" {rC+ rCorr Dex-5 Stlth+ Ice}
  7250 | D:9      | Noticed Joseph
  7260 | D:9      | Killed Joseph
  7574 | D:10     | Entered Level 10 of the Dungeon
  7611 | D:10     | Found a runed translucent door.
  7614 | D:10     | Noticed randomguy2701's ghost (journeyman HOFi)
  7698 | D:10     | Noticed a two-headed ogre
  7705 | D:10     | Killed a two-headed ogre
  7867 | D:10     | Noticed an oklob plant
  7867 | D:10     | Found a staircase to the Lair.
  7871 | D:10     | Noticed a two-headed ogre
  7878 | D:10     | Noticed a skeletal warrior
  7880 | D:10     | Killed a two-headed ogre
  7897 | D:10     | HP: 2/90 [skeletal warrior/+0 scimitar (24)]
  7899 | D:10     | Killed a skeletal warrior
  8037 | D:10     | Noticed a boulder beetle
  8053 | D:10     | Killed a boulder beetle
  8160 | D:10     | Found a staircase to the Orcish Mines.
  8196 | D:10     | Reached skill level 10 in Fighting
  8198 | D:10     | Reached skill level 9 in Axes
  8336 | D:10     | Identified the +1 falchion "Cijybriw" {freeze, rF++}
  8336 | D:10     | Noticed a tengu warrior
  8340 | D:10     | a tengu warrior changed into a manticore
  8786 | D:10     | Found a snail-covered altar of Cheibriados.
  9039 | D:10     | Killed randomguy2701's ghost
  9071 | D:10     | Identified the +1 glaive "Kyimoim" {flame, Int+2 SInv}
  9384 | D:11     | Noticed a two-headed ogre
  9390 | D:11     | Killed a two-headed ogre
  9391 | D:11     | Reached XP level 12. HP: 98/98 MP: 12/12
  9984 | Lair:1   | Entered Level 1 of the Lair of Beasts
 10255 | Lair:1   | Noticed a death yak
 10268 | Lair:1   | Killed a death yak
 10478 | Lair:1   | Reached skill level 10 in Axes
 10554 | Lair:1   | Noticed a death yak
 10554 | Lair:1   | Noticed a death yak
 10554 | Lair:1   | Noticed a death yak
 10744 | Lair:1   | Killed a death yak
 10753 | Lair:1   | Killed a death yak
 10757 | Lair:1   | Killed a death yak
 11569 | Lair:2   | Reached skill level 10 in Dodging
 11738 | Lair:2   | Noticed an eight-headed hydra
 11742 | Lair:2   | Killed a six-headed hydra
 11743 | Lair:2   | Reached skill level 11 in Axes
 11743 | Lair:2   | Gained mutation: You are robust. (+10% HP) [demonic
                  | ancestry]
 11743 | Lair:2   | Reached XP level 13. HP: 87/116 MP: 13/13
 11788 | Lair:2   | Identified the +8 short sword of the Twisting King {flame,
                  | rPois rCorr Str+8 Int-2}
 11879 | Lair:2   | Noticed Fannar
 12097 | Lair:2   | Killed Fannar
 12140 | Lair:2   | Reached skill level 5 in Armour
 12769 | Lair:3   | Found a hole to the Spider Nest.
 13003 | Lair:3   | Found a staircase to the Swamp.
 13410 | Lair:4   | Reached skill level 12 in Axes
 13464 | Lair:4   | Found a staircase to the Slime Pits.
 14475 | Lair:5   | Entered Level 5 of the Lair of Beasts
 14485 | Lair:4   | Gained mutation: You are partially covered in large bone
                  | plates. (SH +4) [demonic ancestry]
 14485 | Lair:4   | Reached XP level 14. HP: 118/126 MP: 14/14
 15169 | Lair:5   | Reached skill level 13 in Axes
 15297 | Lair:5   | Found a runed translucent door.
 15334 | Lair:5   | Paralysed by a hornet for 2 turns
 15564 | Lair:5   | Found a snail-covered altar of Cheibriados.
 15577 | Lair:5   | Reached skill level 10 in Shapeshifting
 16003 | Lair:5   | Identified the +6 flail of Perusch {drain, Int+2}
 16519 | Lair:5   | Gained mutation: You have hooves in place of feet. [demonic
                  | ancestry]
 16519 | Lair:5   | Reached XP level 15. HP: 125/135 MP: 15/15
 17070 | D:12     | Noticed Psyche
 17074 | D:12     | Noticed Jorgrun
 17363 | Orc:1    | Entered Level 1 of the Orcish Mines
 17363 | Orc:1    | Noticed Gastronok
 17363 | Orc:1    | Noticed Erica
 17500 | Orc:1    | Killed Gastronok
 17511 | Orc:1    | Killed Erica
 17537 | Orc:1    | Found a runed translucent gate.
 17537 | Orc:1    | Found a runed translucent gate.
 17537 | Orc:1    | Found a runed translucent gate.
 17544 | Orc:1    | Noticed olddryhag's ghost (journeyman DrGl)
 17544 | Orc:1    | Noticed Ogyasib's ghost (adept SpCj)
 17560 | Orc:1    | Noticed Nergalle
 17567 | Orc:1    | Killed Nergalle
 17715 | Orc:1    | Killed Ogyasib's ghost
 17728 | Orc:1    | Killed olddryhag's ghost
 17820 | Orc:2    | Entered Level 2 of the Orcish Mines
 17905 | Orc:1    | Paralysed by an orc sorcerer for 3 turns
 17912 | Orc:1    | Reached skill level 14 in Axes
 18104 | Orc:2    | Noticed Erolcha
 18111 | Orc:2    | Killed Erolcha
 18294 | Orc:2    | Found a staircase to the Elven Halls.
 18351 | Orc:2    | Found Ekoban's Antique Armour Shoppe.
 18351 | Orc:2    | Found Lain's General Store.
 18365 | Orc:2    | Found Onga Pefeu's Antique Armour Shop.
 18456 | Orc:2    | Bought a shiny helmet for 217 gold pieces
 18520 | Orc:2    | Bought the +3 pair of gauntlets of War {Slay+5} for 807
                  | gold pieces
 18520 | Orc:2    | Found the +3 pair of gauntlets of War {Slay+5}
 18536 | Orc:2    | Found Lec Ucos's Antique Weapon Emporium.
 18539 | Orc:2    | Bought an encrusted chain mail for 256 gold pieces
 18539 | Orc:2    | Identified the +1 chain mail "Iseuh" {Int+4} (You bought it
                  | in a shop on level 2 of the Orcish Mines)
 19012 | D:12     | Killed Psyche
 19021 | D:12     | Killed from afar by Jorgrun

Illustrated notes

Levels and vault maps discovered:
D:1:      wheals_arrival_shading, layout_rooms,
          shapermc_ecumenical_altar_mp_ritualfount
D:2:      layout_basic, uniq_robin, uniq_sigmund, uniq_jessica
D:3:      layout_basic, nicolae_goblin_pals
D:4:      layout_basic, uniq_pikel
D:5:      layout_loops_corners, serial_bayou_pond_b, grunt_decor_arrowhead,
          cheibrodos_gnoll_hut, uniq_blork_the_orc
D:6:      layout_rooms, st_stairs_5
D:7:      layout_gridville, lightli_temple_of_fire,
          minmay_temple_entry_statues_pillars, serial_shops,
          nicolae_shop_bloodbath_and_beyond
D:8:      layout_rooms, gammafunk_temple_overflow_claw,
          mainiacjoe_overflow_alcove_1, gammafunk_ghost_grave,
          lightli_ossuary_entry_decrepit_ruins, sigmund_army
D:9:      layout_long_grid, enter_bailey_3, nicolae_underground_beach,
          uniq_joseph
D:10:     layout_loops_corners, kennysheep_mini_moat, dpeg_oklobed_lair,
          ebering_ghost_reflecting_pool, kennysheep_pointless_box,
          minmay_the_grid_2x2 [minmay_the_grid_empty,
          minmay_the_grid_outer_diamond, minmay_the_grid_large_cup,
          minmay_the_grid_prize_trominoes]
D:11:     layout_roguey
D:12:     layout_cave_pools, ebering_ghost_xom, uniq_jorgrun, uniq_psyche
Temple:   compressed_dpeg_triangle_lava_temple
Lair:1:   dreamdust_isle_of_ice, layout_regular_city, minivault_19
Lair:2:   wad_woods_tower, layout_gridlike, beast_lair_carwin_4,
          infiniplex_staircase_pool_2, serial_bayou_shore_b, uniq_fannar
Lair:3:   layout_long_grid, nicolae_swamp_entry_splash_gauntlet,
          nicolae_spider_entry_lesser_pyramids
Lair:4:   beargit_carnivore_pack, layout_cave_pods, slime_entry_1
Lair:5:   wormcave, layout_long_grid, hangedman_lair_caniforms_friends,
          kennysheep_snail_temple, grunt_megastairs_5, lemuel_fruit_tree
Orc:1:    layout_caves, gammafunk_ghost_cemetery, basic_altar, uniq_gastronok,
          uniq_nergalle, uniq_erica
Orc:2:    st_orc_open, layout_diamond_mine, uniq_erolcha

Skill      XL: |  1  2  3  4  5  6  7  8  9 10 11 12 13 14 15 |
---------------+----------------------------------------------+-----
Axes           | 2 3 4 5 7 8 9 11 12 13 14 | 14.4
Dodging        | 1 2 3 4 5 6 7 9 10 11 12 | 12.0
Fighting       | 4 5 6 8 9 10 11 12 13 | 13.5
Shapeshifting  | 1 3 4 5 6 7 8 9 10 | 10.7
Armour         | 4 6 7 8 |  8.4
Shields        | |  2.8

Action                     |  1- 3 |  4- 6 |  7- 9 | 10-12 | 13-15 || total
---------------------------+-------+-------+-------+-------+-------++-------
  Melee: War axe           |    25 |    35 |   171 |   414 |   836 ||  1481
         Whip              |    27 |    30 |       |       |       ||    57
         Kick              |       |       |       |       |    52 ||    52
         Unarmed           |       |       |       |       |     5 ||     5
 Invoke: Potion Petition   |       |       |       |     3 |     6 ||     9
  Evoke: Wand              |       |     3 |     1 |    22 |     1 ||    27
         Tin of tremorston |       |       |       |     1 |     2 ||     3
         Lightning rod     |       |       |       |       |     4 ||     4
    Use: Potion            |     2 |       |     4 |    11 |       ||    17
         Scroll            |       |     3 |     8 |    15 |     9 ||    35
   Stab: Distracted        |       |       |       |     6 |     5 ||    11
         Invisible         |       |       |       |       |    10 ||    10
         Confused          |       |       |       |       |     2 ||     2
 Armour: Scale mail        |    20 |    19 |     4 |       |       ||    43
         Chain mail        |       |       |    43 |    88 |   211 ||   342
         Skin              |       |       |       |    24 |     2 ||    26
  Dodge: Dodged            |    19 |    19 |    95 |   263 |   538 ||   934
  Block: Buckler           |     8 |    17 |    40 |    94 |   323 ||   482
         Reflection        |       |       |       |     1 |     4 ||     5
         Form:             |       |       |     2 |       |     1 ||     3
         Anaconda          |       |       |     1 |       |       ||     1
         Blade             |       |       |     1 |       |       ||     1
         Storm             |       |       |       |       |     1 ||     1

Table legend: (Time is in decaauts)
 A = Elapsed time spent in this place.
 B = Non-inter-level travel time spent in this place.
 C = Inter-level travel time spent in this place.
 D = Time resting spent in this place.
 E = Time spent auto-exploring this place.
 F = Levels seen in this place.
 G = Mean time per level.
                   A        B        C        D        E       F      G
               +--------+--------+--------+--------+--------+-----+--------+
         Total |  19123 |  18288 |    835 |   2108 |  12175 |  22 |  869.2 |
       Dungeon |   9847 |   9271 |    576 |   1202 |   6319 |  12 |  820.6 |
        Temple |     46 |     46 |      0 |      0 |      0 |   1 |   46.0 |
          Lair |   7075 |   6838 |    237 |    703 |   4630 |   5 | 1415.0 |
  Orcish Mines |   1424 |   1404 |     20 |     63 |    921 |   2 |  712.0 |
       Ossuary |    242 |    242 |      0 |      0 |    144 |   1 |  242.0 |
        Bailey |    487 |    487 |      0 |    140 |    160 |   1 |  487.0 |
               +--------+--------+--------+--------+--------+-----+--------+

Top non-repeatable levels by time:
  Lair:5: 2131 daAuts
    D:10: 1887 daAuts
  Lair:1: 1466 daAuts
     D:2: 1465 daAuts
  Lair:4: 1419 daAuts
  Lair:2: 1140 daAuts
    D:11: 1046 daAuts
     D:5: 996 daAuts
  Lair:3: 917 daAuts
     D:9: 808 daAuts
   Orc:2: 729 daAuts
   Orc:1: 694 daAuts
     D:4: 647 daAuts
     D:3: 646 daAuts
     D:7: 635 daAuts
